 Dungeon Crawl Stone Soup version 0.28-a0-622-gbaef9634d7 (webtiles) character file.

Game seed: 8875928652418130859

86536 robertstho the Eclecticist (level 16, 0/101 HPs)
             Began as a Djinni Fire Elementalist on Oct 7, 2021.
             Was an Initiate of Gozag.
             Slain by a catoblepas (11 damage)
             ... while petrified by a catoblepas
             ... on level 14 of the Dungeon.
             The game lasted 01:03:09 (35756 turns).

robertstho the Eclecticist (DjFE)                  Turns: 35756, Time: 01:03:10

Health: 0/101      AC: 11    Str:  7    XL:     16   Next: 34%
Gold:   1968       EV:  2    Int: 23    God:    Gozag SH:  0 Dex: 15

rFire   + + +      SeeInvis +   c - +3 double sword (vorpal)
rCold   x . .      Faith    .   h - +0 buckler
rNeg    + + +      Spirit   .   P - +2 robe of Vines {NoPotionHeal Regen+++}
rPois   ∞          Reflect  +   n - +0 helmet
rElec   .          Harm     .   A - +0 cloak
rCorr   .          Rampage  .   G - +0 pair of gloves
Will    +....                   (boots unavailable)
Stlth   +++.......              I - amulet of reflection
HPRegen 0.00/turn               b - ring of see invisible
MPRegen 0.00/turn               K - ring "Qerhuig" {rF++ AC+4}

@: petrified, spiked, gold aura, flying, inhibited regen
A: sickness immunity, fire resistance 2, cold vulnerability 1, float, innate
caster, hp casting, extra vitality 1, deformed body, frail 1, inhibited
regeneration
a: Renounce Religion, Potion Petition, Call Merchant, Bribe Branch


You were on level 14 of the Dungeon.
You worshipped Gozag.
Gozag was most pleased with you.
You visited 4 branches of the dungeon, and saw 23 of its levels.

You collected 7028 gold pieces.
You spent 2299 gold pieces at shops.
You paid 2761 gold pieces to Gozag.

Inventory:

Hand Weapons
 c - a +3 vorpal double sword (weapon)
 f - a +0 dagger
 t - a +2 dagger of venom
Missiles
 i - 146 stones
Armour
 h - a +0 buckler (worn)
 l - a +2 robe of the Archmagi
 n - a +0 helmet (worn)
 A - a +0 cloak (worn)
 G - a +0 pair of gloves (worn)
 J - the +0 scale mail "Moisuzo" {rElec}
   (You bought it in a shop on level 2 of the Orcish Mines)

   rElec:     It insulates you from electricity.
 P - the +2 robe of Vines (worn) {NoPotionHeal Regen+++}
   (You found it on level 4 of the Lair of Beasts)

   Its wearer cannot be healed by potions.
   Regen:     It increases your rate of health regeneration.
Jewellery
 b - a ring of see invisible (left hand)
 j - an amulet of the acrobat
 u - a +6 ring of intelligence
 E - a +6 ring of strength
 I - an amulet of reflection (around neck)
 K - the ring "Qerhuig" (right hand) {rF++ AC+4}
   (You bought it in a shop on level 11 of the Dungeon)

   [ring of protection]

   AC:        It affects your AC (+4).
   rF:        It greatly protects you from fire.
Wands
 a - a wand of flame (74)
 o - a wand of paralysis (9)
 s - a wand of digging (11)
 x - a wand of mindburst (39)
 B - a wand of iceblast (21)
 M - a wand of charming (7)
 Q - a wand of polymorph (8)
Scrolls
 e - 3 scrolls of vulnerability
 m - 8 scrolls of teleportation
 r - 4 scrolls of magic mapping
 v - 5 scrolls of silence
 y - a scroll of fog
 C - 3 scrolls of enchant armour
 H - a scroll of enchant weapon
 R - a scroll of immolation
Potions
 d - a potion of ambrosia
 g - 4 potions of lignification
 k - a potion of resistance
 q - 4 potions of haste
 w - 3 potions of curing
 z - 3 potions of heal wounds
 D - 2 potions of cancellation
 F - a potion of brilliance
 L - 3 potions of might
 N - a potion of attraction


   Skills:
 * Level 10.1 Fighting
 + Level 0.6(2.1) Short Blades
 + Level 3.2 Long Blades
 + Level 4.5 Armour
 + Level 5.9 Dodging
 + Level 4.9 Stealth
 + Level 4.2 Shields
 * Level 18.5 Spellcasting


You had 16 spell levels left.
You knew the following spells:

 Your Spells              Type           Power      Damage    Failure   Level
a - Foxfire               Conj/Fire      100%       2x1d9     0%          1
b - Scorch                Fire           100%       2d10      0%          2
c - Conjure Flame         Conj/Fire      82%        6-21      0%          3
d - Inner Flame           Hex/Fire       82%        N/A       0%          3
e - Flame Wave            Conj/Fire      82%        3d14      0%          4
f - Sandblast             Erth           100%       2d20      0%          1
g - Poisonous Vapours     Pois/Air       100%       N/A       0%          2
h - Slow                  Hex            82%        N/A       0%          2
i - Mephitic Cloud        Conj/Pois/Air  82%        N/A       0%          3
j - Summon Ice Beast      Ice/Summ       82%        N/A       0%          4
k - Irradiate             Conj/Tmut      41%        3d27      1%          5
l - Invisibility          Hex            41%        N/A       1%          6
Your spell library was empty.

Dungeon Overview and Level Annotations

Branches:
Dungeon (14/15)            Temple (1/1) D:5            Lair (6/6) D:11
  Swamp (0/4) Lair:2       Spider (0/4) Lair:4        Slime (0/5) Lair:6
    Orc (2/2) D:11            Elf (0/3) Orc:2        Vaults (0/5) D:13

Altars:
Ashenzari
Cheibriados
Dithmenos
Elyvilon
Fedhas
Gozag
Hepliaklqana
Kikubaaqudgha
Makhleb
Nemelex Xobeh
Okawaru
Qazlal
Ru
Sif Muna
Trog
Uskayaw
Vehumet
Wu Jian
Xom
Yredelemnul
Zin
The Shining One
Beogh

Shops:
D:11 (=   D:12 *   Orc:2 ?[   Lair:6 =

Portals:
Hell: Lair:6

Annotations:
D:10 3 runed translucent doors, Berder's ghost, journeyman DjWr
Orc:2 Saint Roka


Innate Abilities, Weirdness & Mutations

You are immune to sickness and miasma.
You are immune to poison.
Your flesh is very heat resistant. (rF++)
You are vulnerable to cold. (rC-)
You float through the air rather than walking.
You learn spells naturally, not from books.
Your magical power is your life essence.
You have superior vitality. (+4 HP)
Armour fits poorly on your strangely shaped body.
You are frail. (-10% HP)
You do not regenerate when monsters are visible.


Message History

The flame wave engulfs the catoblepas!
The catoblepas is moderately wounded.
You are engulfed in calcifying dust.
You hear a shout!
The manticore is engulfed in a cloud of scalding steam.
The manticore bites you but does no damage.
The manticore claws you but does no damage. x2
You have turned to stone.
The catoblepas gores you!!
The manticore flicks its tail.
The volley of spikes hits you!!
The barbed spikes become lodged in your body.
The manticore is engulfed in a cloud of scalding steam.
The manticore bites you!
* * * LOW HITPOINT WARNING * * *
The manticore claws you.
The manticore claws you but does no damage.
The catoblepas gores you but does no damage.
The manticore is engulfed in a cloud of scalding steam.
You kill the manticore!
You now have 1968 gold pieces (gained 15).
The catoblepas gores you.
* * * LOW HITPOINT WARNING * * *
The manticore flicks its tail.
The volley of spikes hits you!
The barbed spikes become lodged in your body.
* * * LOW HITPOINT WARNING * * *
The catoblepas is distracted by your dazzling golden aura.
The catoblepas bellows!
The catoblepas gores you.
* * * LOW HITPOINT WARNING * * *
The manticore flicks its tail.
The volley of spikes hits you!
The barbed spikes become lodged in your body.
* * * LOW HITPOINT WARNING * * *
The catoblepas gores you!
* * * LOW HITPOINT WARNING * * *
The catoblepas gores you!!
You die...
Your body crumbles into a pile of gold.

#. .###### #
..#...## .. $
#.#.$≈≈###≈≈)
#.#.≈..≈.≈..≈
#.##≈.......≈
#..##≈Y≈Y≈.≈#
########....@.≈<≈...
..........##≈.≈≈≈.≈#
.........##≈...H...≈
########.#.≈..≈.≈..≈
#.#.$≈≈###≈≈$
#.#...## ##..
#.#####...# #
#.........)
###.#######


You could see 2 catoblepae and a manticore.

Vanquished Creatures
  Nessos (Orc:2)
  Josephine (D:12)
  A boulder beetle (D:11)
  Erolcha (Orc:1)
  14 hydras
  A centaur warrior (D:13)
  4 two-headed ogres
  A death knight (D:13)
  A satyr (shapeshifter) (D:13)
  Erica (Orc:1)
  5 death yaks (Lair:2)
  An orc high priest (Orc:2)
  A sun demon (Lair:6)
  Sonja (D:13)
  A skeletal warrior (D:13)
  A fire crab (shapeshifter) (D:14)
  A wizard (Lair:6)
  A phantasmal warrior (D:13)
  2 deep elf pyromancers (D:12)
  4 orc knights (Orc:2)
  A wolf spider (Lair:4)
  3 manticores
  3 ugly things (D:14)
  15 elephants
  4 oklob plants
  4 orc sorcerers (Orc:2)
  6 cyclopes
  4 black mambas
  18 cane toads
  Joseph (Lair:1)
  A gargoyle (D:14)
  4 orange demons (Lair:6)
  8 rime drakes
  A freezing wraith (D:13)
  5 komodo dragons
  An ice devil (Lair:6)
  A hellwing (Lair:6)
  7 trolls
  25 blink frogs
  3 polar bears (Lair:6)
  7 slime creatures
  A spriggan (shapeshifter) (D:14)
  11 wraiths
  Sigmund (D:3)
  A redback (D:14)
  4 shadows
  A tarantella (D:14)
  2 vampires
  3 wyverns
  43 yaks
  Eustachio (D:6)
  5 basilisks
  3 vampire mosquitoes (D:13)
  2 steam dragons
  Edmund (D:6)
  2 wargs
  2 acid dragons
  5 hell hounds (Lair:6)
  22 water moccasins
  An ice beast (D:8)
  4 black bears
  A hornet zombie (D:7)
  43 orc warriors
  13 ogres
  4 necrophages
  2 centaurs
  14 wolves
  3 phantoms
  Blork the orc (D:5)
  2 kobold brigands (D:9)
  A wyvern zombie (D:4)
  15 bullfrogs
  2 scorpions
  3 troll zombies (D:11)
  A water moccasin skeleton (D:6)
  13 killer bees
  3 wights (D:8)
  3 howler monkeys
  4 electric eels (Lair:6)
  2 centaur zombies
  2 hounds
  27 orc priests
  A gnoll shaman (D:8)
  3 bullfrog skeletons
  3 jellies
  2 centaur skeletons
  6 iguanas
  24 orc wizards
  A killer bee zombie (D:7)
  3 ogre zombies (D:11)
  2 howler monkey zombies
  12 gnolls
  4 adders
  An ufetubus (D:7)
  An adder skeleton (D:4)
  A dart slug (D:1)
  85 orcs
  6 ball pythons
  6 bats
  5 endoplasms
  2 giant cockroaches
  9 goblins
  6 hobgoblins
  3 jackals (D:3)
  18 kobolds
  6 quokkas
  4 frilled lizards
  3 goblin skeletons (D:11)
  3 goblin zombies (D:11)
  A hobgoblin skeleton (D:11)
  3 hobgoblin zombies (D:11)
  An orc skeleton (D:11)
  13 orc zombies (D:11)
  7 rats
  A bush (Lair:2)
686 creatures vanquished.

Vanquished Creatures (collateral kills)
  2 boulder beetles
  A yak (Lair:2)
  An orc priest (D:11)
  2 ogre zombies (D:11)
  An orc zombie (D:11)
  2 foxfires
9 creatures vanquished.

Vanquished Creatures (others)
  A wizard (D:8)
  1692 foxfires
  33 fungi
  46 plants
1772 creatures vanquished.

Grand Total: 2467 creatures vanquished

Notes
Turn   | Place    | Note
-------+----------+-------------------------------------------
     0 | D:1      | robertstho the Djinni Fire Elementalist began the quest for
                  | the Orb.
     0 | D:1      | Reached XP level 1. HP: 15/15 MP: 0/0
     3 | D:1      | Noticed an electric eel
     4 | D:1      | Noticed an electric eel
   269 | D:1      | Found a faded altar of an unknown god.
   361 | D:1      | Reached XP level 2. HP: 18/21 MP: 0/0
   880 | D:1      | Reached skill level 3 in Spellcasting
   883 | D:1      | Reached XP level 3. HP: 20/26 MP: 0/0
   883 | D:1      | Learned a level 1 spell: Sandblast
  1045 | D:1      | Reached skill level 1 in Fighting
  2074 | D:2      | Reached XP level 4. HP: 30/32 MP: 0/0
  2624 | D:3      | Noticed Sigmund
  2633 | D:3      | Killed Sigmund
  2634 | D:3      | Reached skill level 4 in Spellcasting
  2634 | D:3      | Reached XP level 5. HP: 28/38 MP: 0/0
  2634 | D:3      | Learned a level 2 spell: Poisonous Vapours
  2634 | D:3      | Reached XP level 6. HP: 32/43 MP: 0/0
  3099 | D:3      | Found a broken altar of Ashenzari.
  3205 | D:3      | Found a hide-covered altar of Uskayaw.
  3205 | D:3      | Noticed a +0 dagger
  3205 | D:3      | Noticed a +0 dagger
  3206 | D:3      | Noticed a +0 spear
  3211 | D:3      | Noticed a +0 spear
  3221 | D:3      | Noticed a +0 falchion
  3222 | D:3      | Noticed a +0 short sword
  3223 | D:3      | Noticed a +0 falchion
  3223 | D:3      | Noticed a +0 short sword
  3780 | D:4      | Reached skill level 5 in Spellcasting
  3781 | D:4      | Reached XP level 7. HP: 26/48 MP: 0/0
  3781 | D:4      | Learned a level 2 spell: Slow
  4071 | D:4      | Found a shadowy altar of Dithmenos.
  4549 | D:4      | Reached skill level 6 in Spellcasting
  5055 | D:4      | Reached XP level 8. HP: 40/54 MP: 0/0
  5443 | D:5      | Entered Level 5 of the Dungeon
  5455 | D:5      | Found a staircase to the Ecumenical Temple.
  5529 | Temple   | Entered the Ecumenical Temple
  6532 | D:5      | Noticed Blork the orc
  6539 | D:5      | Killed Blork the orc
  6888 | D:6      | Reached skill level 7 in Spellcasting
  6891 | D:6      | Noticed Eustachio
  6897 | D:6      | Killed Eustachio
  7070 | D:6      | Found an opulent altar of Gozag.
  7075 | D:6      | Became a worshipper of Gozag Ym Sagoz the Greedy
  7174 | D:6      | Reached XP level 9. HP: 46/61 MP: 0/0
  7174 | D:6      | Learned a level 3 spell: Mephitic Cloud
  7368 | D:6      | Reached skill level 8 in Spellcasting
  7715 | D:6      | Noticed Edmund
  7726 | D:6      | Killed Edmund
  8217 | D:7      | Reached skill level 9 in Spellcasting
  8242 | D:7      | Reached XP level 10. HP: 44/69 MP: 0/0
  8309 | D:7      | Noticed a two-headed ogre
  8317 | D:7      | Killed a two-headed ogre
  8318 | D:7      | Reached skill level 10 in Spellcasting
  8782 | D:7      | Reached skill level 5 in Fighting
  9150 | D:7      | Found a sacrificial altar of Ru.
 10430 | D:8      | Found a bloodstained altar of Trog.
 10434 | D:8      | Noticed a wizard
 10438 | D:8      | Killed a wizard
 11277 | D:8      | Reached skill level 11 in Spellcasting
 11696 | D:9      | Reached XP level 11. HP: 57/76 MP: 0/0
 11696 | D:9      | Learned a level 4 spell: Summon Ice Beast
 12060 | D:9      | Found a shimmering altar of Xom.
 13001 | D:10     | Entered Level 10 of the Dungeon
 13319 | D:10     | Found a glowing silver altar of Zin.
 13600 | D:10     | Found a hazy altar of Hepliaklqana.
 13772 | D:10     | Found a runed translucent gate.
 13772 | D:10     | Found a runed translucent gate.
 13772 | D:10     | Found a runed translucent gate.
 13773 | D:10     | Noticed a ten-headed hydra
 13774 | D:10     | Noticed a 12-headed hydra
 13774 | D:10     | Noticed Berder's ghost (journeyman DjWr)
 13939 | D:11     | Noticed a boulder beetle
 13954 | D:11     | Killed a boulder beetle
 13955 | D:11     | Reached skill level 12 in Spellcasting
 14502 | D:11     | Found a staircase to the Orcish Mines.
 14509 | D:11     | Noticed a boulder beetle
 14551 | D:11     | Killed a boulder beetle
 15489 | D:11     | Noticed an oklob plant
 15491 | D:11     | Found a staircase to the Lair.
 15491 | D:11     | Noticed an oklob plant
 15502 | D:11     | Bought an amulet of reflection for 450 gold pieces
 15922 | D:12     | Noticed a deep elf pyromancer
 15929 | D:12     | Killed a deep elf pyromancer
 15947 | D:12     | Noticed a deep elf pyromancer
 15953 | D:12     | Killed a deep elf pyromancer
 15954 | D:12     | Reached XP level 12. HP: 53/83 MP: 0/0
 16121 | D:12     | Reached skill level 13 in Spellcasting
 16465 | D:12     | Noticed Josephine
 16476 | D:12     | Killed Josephine
 17231 | D:12     | Found Jisag's Assorted Antiques.
 17523 | D:13     | Identified the +2 leather armour "Awkatid" {Str+3}
 17538 | D:13     | Noticed a death knight
 17538 | D:13     | Noticed a skeletal warrior
 17558 | D:13     | Killed a death knight
 17642 | D:11     | Bought the ring "Qerhuig" {rF++ AC+4} for 907 gold pieces
 17873 | D:13     | Noticed a two-headed ogre
 17880 | D:13     | Killed a two-headed ogre
 18053 | D:13     | Found a gate to the Vaults.
 18162 | D:13     | Reached skill level 14 in Spellcasting
 18497 | D:13     | Noticed Sonja
 18505 | D:13     | Killed Sonja
 18586 | D:13     | Noticed a satyr
 18591 | D:13     | Killed a satyr
 18598 | D:13     | Reached skill level 1 in Shields
 18602 | D:13     | Noticed a centaur warrior
 18609 | D:13     | Killed a centaur warrior
 18610 | D:13     | Reached XP level 13. HP: 39/90 MP: 0/0
 18610 | D:13     | Learned a level 5 spell: Irradiate
 19147 | D:13     | Noticed a five-headed hydra
 19154 | D:13     | Killed a five-headed hydra
 19717 | D:13     | Reached skill level 15 in Spellcasting
 20035 | Orc:1    | Entered Level 1 of the Orcish Mines
 20563 | Orc:2    | Entered Level 2 of the Orcish Mines
 22186 | Orc:2    | Found a staircase to the Elven Halls.
 22756 | Orc:2    | Found Puimit's Antique Armour Shop.
 22766 | Orc:2    | Paralysed by an orc sorcerer for 4 turns
 23173 | Orc:2    | Found Xoxkira's Magic Scroll Boutique.
 23192 | Orc:2    | Bought a scroll of blinking for 112 gold pieces
 23192 | Orc:2    | Bought a scroll of blinking for 112 gold pieces
 23192 | Orc:2    | Bought a scroll of teleportation for 45 gold pieces
 23192 | Orc:2    | Bought a scroll of teleportation for 45 gold pieces
 23192 | Orc:2    | Bought a scroll of teleportation for 45 gold pieces
 23192 | Orc:2    | Bought a scroll of identify for 30 gold pieces
 23192 | Orc:2    | Bought a scroll of identify for 30 gold pieces
 23192 | Orc:2    | Bought 2 scrolls of amnesia for 105 gold pieces
 23192 | Orc:2    | Bought a scroll of silence for 112 gold pieces
 23194 | Orc:2    | Identified a scroll of acquirement
 23201 | Orc:2    | Acquired a +3 vorpal double sword
 23214 | Orc:2    | Bought a buzzing scale mail for 306 gold pieces
 23214 | Orc:2    | Identified the +0 scale mail "Moisuzo" {rElec} (You bought
                  | it in a shop on level 2 of the Orcish Mines)
 23888 | Orc:2    | Reached skill level 16 in Spellcasting
 24324 | Orc:2    | Noticed Nessos
 24333 | Orc:2    | Reached XP level 14. HP: 80/97 MP: 0/0
 24338 | Orc:2    | Killed Nessos
 24380 | Orc:2    | Noticed Saint Roka
 25885 | Orc:1    | Noticed Erolcha
 25885 | Orc:1    | Noticed Erica
 25889 | Orc:1    | Reached skill level 1 in Armour
 25891 | Orc:1    | Killed Erica
 25896 | Orc:1    | Killed Erolcha
 26418 | Lair:1   | Entered Level 1 of the Lair of Beasts
 26803 | Lair:1   | Noticed Joseph
 26814 | Lair:1   | Killed Joseph
 28815 | Lair:2   | You are sucked into a shaft and drop 1 floor!
 28851 | Lair:3   | Reached skill level 17 in Spellcasting
 30004 | Lair:3   | Reached skill level 1 in Long Blades
 30432 | Lair:2   | Reached XP level 15. HP: 49/104 MP: 0/0
 30432 | Lair:2   | Learned a level 6 spell: Invisibility
 31009 | Lair:2   | Found a staircase to the Swamp.
 31557 | Lair:4   | Gained mutation: Armour fits poorly on your strangely
                  | shaped body. [mutagenic glow]
 31591 | Lair:4   | Gained mutation: You are frail. (-10% HP) [mutagenic glow]
 32064 | Lair:4   | Found the +2 robe of Vines {NoPotionHeal Regen+++}
 33151 | Lair:4   | Found a hole to the Spider Nest.
 33969 | Lair:6   | Entered Level 6 of the Lair of Beasts
 33996 | Lair:6   | Reached skill level 5 in Dodging
 34029 | Lair:5   | Gained mutation: You do not regenerate when monsters are
                  | visible. [mutagenic glow]
 34500 | Lair:6   | Reached skill level 18 in Spellcasting
 34582 | Lair:6   | Reached XP level 16. HP: 73/101 MP: 0/0
 34642 | Lair:6   | Found a staircase to the Slime Pits.
 34915 | Lair:6   | Found a burning altar of Makhleb.
 34960 | Lair:6   | Reached skill level 10 in Fighting
 35243 | Lair:6   | Found a gateway to Hell.
 35756 | D:14     | Slain by a catoblepas

Illustrated notes

Levels and vault maps discovered:
D:1:      arrival_aquarium_b, layout_loops_ring,
          dreamdust_ecumenical_altar_angels_and_demons,
          minmay_shallow_snake_nest
D:2:      layout_basic, hex_tiny, kennysheep_cross_room,
          kennysheep_decorative_pillar
D:3:      layout_rooms, nicolae_uskayaw_en_pointe, evilmike_ruin_ashenzari,
          uniq_sigmund
D:4:      layout_loops_ring, nicolae_dithmenos_the_darkroom,
          portal_sewer_entry_b
D:5:      layout_basic, minmay_temple_entry_junction, uniq_blork_the_orc
D:6:      minmay_flawed_box, layout_basic, mainiacjoe_overflow_chevrons,
          serial_glass, glass_columns_a, glass_columns_b, feat_on_display,
          feat_on_display, item_on_display_a, uniq_eustachio, uniq_edmund
D:7:      nzn_winding_woodlands_medium [nzn_winding_woodlands_5x5_three,
          nzn_winding_woodlands_5x15_crooked, nzn_winding_woodlands_5x5_default,
          nzn_winding_woodlands_5x5_open_star,
          nzn_winding_woodlands_center_diamonds,
          nzn_winding_woodlands_5x5_cross,
          nzn_winding_woodlands_5x5_checkerboard,
          nzn_winding_woodlands_5x15_sawtooth, nzn_winding_woodlands_hourglass],
          layout_cave_pods, mainiacjoe_overflow_small_starburst
D:8:      layout_layer_cave, trog_wizard
D:9:      layout_basic, mainiacjoe_overflow_tiny_flanked
D:10:     layout_small_grid, nzn_hepliaklqana_mist_gate, zin_statuary,
          gammafunk_ghost_hydra_chop, kennysheep_generic_room_8
D:11:     layout_basic, dpeg_oklobed_lair, zombieorc2_lemuel
D:12:     layout_stronghold, serial_shops, shop, serial_bayou_ford_a,
          item_on_display_a, uniq_josephine
D:13:     layout_roguey, david_vaults_1, uniq_sonja
D:14:     nzn_motion_control, layout_basic, bh_circular_ruins
Temple:   cyrus_circular_temple
Lair:1:   layout_hall_layers, grunt_megastairs_1, uniq_joseph
Lair:2:   layout_misc_corridors, swamp_mist_pool
Lair:3:   layout_gridlike, grunt_megastairs_4, serial_bayou_shore_b
Lair:4:   layout_loops_ring, spider_nest_entry_rubble,
          hellmonk_guarded_unrand_vines
Lair:5:   layout_loops_ring, st_stairs_5
Lair:6:   evil_forest, layout_cave_shapes, minmay_slime_entry_pillars,
          infiniplex_staircase_pool, lemuel_fruit_tree, serial_bayou_shore_b,
          serial_bayou_shore_a, grunt_megastairs_3
Orc:1:    layout_caves, nicolae_orc_flooded_monolith, uniq_erolcha, uniq_erica
Orc:2:    pubby_orc_utopia, uniq_nessos

Skill      XL: |  1  2  3  4  5  6  7  8  9 10 11 12 13 14 15 16 |
---------------+-------------------------------------------------+-----
Spellcasting   | 3 4 5 6 7 9 11 12 14 16 17 18 | 18.5
Fighting       | 1 2 3 4 5 6 7 8 9 10 | 10.1
Stealth        | 2 3 4 |  4.9
Dodging        | 3 4 5 |  5.9
Shields        | 1 3 4 |  4.2
Armour         | 3 4 |  4.5
Long Blades    | 1 2 3 |  3.2
Short Blades   | |  0.6

Action                   |  1- 3 |  4- 6 |  7- 9 | 10-12 | 13-15 | 16-18 || total
-------------------------+-------+-------+-------+-------+-------+-------++-------
Melee: Dagger            |       |       |     4 |    14 |    19 |       ||    37
       Double sword      |       |       |       |       |    67 |    28 ||    95
 Cast: Foxfire           |    85 |    96 |   158 |   181 |   427 |    25 ||   972
       Scorch            |       |    11 |    50 |   133 |   149 |    42 ||   385
       Flame Wave        |       |       |     5 |    40 |   105 |    13 ||   163
       Mephitic Cloud    |       |       |     1 |     3 |     8 |     3 ||    15
       Summon Ice Beast  |       |       |       |     9 |     7 |     4 ||    20
       Poisonous Vapours |       |       |       |     3 |       |       ||     3
       Irradiate         |       |       |       |       |    49 |     2 ||    51
       Slow              |       |       |       |       |     2 |       ||     2
       Sandblast         |       |       |       |       |       |    13 ||    13
Invok: Call Merchant     |       |       |       |     1 |     1 |     1 ||     3
Evoke: Wand              |       |       |       |       |     1 |       ||     1
  Use: Scroll            |       |     3 |     2 |     4 |    22 |     2 ||    33
       Potion            |       |       |       |     2 |     3 |       ||     5
 Stab: Sleeping          |       |       |       |     1 |     5 |     1 ||     7
Armor: Robe              |     2 |       |     3 |    25 |    61 |    22 ||   113
       Scale mail        |       |       |       |       |    73 |       ||    73
Dodge: Dodged            |     1 |     6 |    22 |    73 |   186 |    49 ||   337
Block: Buckler           |       |     3 |     4 |    22 |   173 |    38 ||   240
       Reflection        |       |       |       |     1 |     7 |     2 ||    10

Table legend: (Time is in decaauts)
 A = Elapsed time spent in this place.
 B = Non-inter-level travel time spent in this place.
 C = Inter-level travel time spent in this place.
 D = Time resting spent in this place.
 E = Time spent auto-exploring this place.
 F = Levels seen in this place.
 G = Mean time per level.
                   A        B        C        D        E       F      G
               +--------+--------+--------+--------+--------+-----+--------+
         Total |  35853 |  34751 |   1102 |   4096 |  26457 |  23 | 1558.8 |
       Dungeon |  20626 |  19903 |    723 |   1234 |  16627 |  14 | 1473.3 |
        Temple |     59 |     50 |      9 |      0 |     42 |   1 |   59.0 |
          Lair |   9060 |   8805 |    255 |   1412 |   6133 |   6 | 1510.0 |
  Orcish Mines |   6106 |   5993 |    113 |   1450 |   3655 |   2 | 3053.0 |
               +--------+--------+--------+--------+--------+-----+--------+

Top non-repeatable levels by time:
   Orc:2: 5349 daAuts
    D:11: 2565 daAuts
    D:13: 2193 daAuts
  Lair:4: 2017 daAuts
  Lair:3: 1905 daAuts
     D:8: 1730 daAuts
    D:12: 1707 daAuts
     D:7: 1702 daAuts
     D:1: 1636 daAuts
     D:4: 1562 daAuts
  Lair:1: 1546 daAuts
  Lair:2: 1536 daAuts
     D:9: 1427 daAuts
     D:3: 1387 daAuts
     D:6: 1320 daAuts
